 Dungeon Crawl Stone Soup version 0.23.2-40-g277498a001 (webtiles) character file.

Game seed: 12021176767829375562

101 Matteus the Sneak (level 4, 0/19 HPs)
             Began as a Felid Wanderer on Aug 18, 2019.
             Was an Initiate of Cheibriados.
             Slain by a gnoll
             ... wielding a +0 flail
              (11 damage)
             ... on level 3 of the Dungeon.
             The game lasted 00:27:36 (2385 turns).

Matteus the Sneak (Felid Wanderer)                  Turns: 2385, Time: 00:27:36

Health: 0/19       AC:  1    Str: 11    XL:     4   Next: 48%
Magic:  5/5        EV: 20    Int: 12    God:    Cheibriados [......]
Gold:   122        SH:  0    Dex: 18    Spells: 3/3 levels left
                                        Lives:  0   Deaths: 1

rFire    . . .     SeeInvis +     - Unarmed
rCold    . . .     Gourm    .   (shield unavailable)
rNeg     . . .     Faith    .   (armour unavailable)
rPois    .         Spirit   .   (helmet unavailable)
rElec    .         Reflect  .   (cloak unavailable)
rCorr    .         Harm     .   (gloves unavailable)
MR       .....                  (boots unavailable)
Stlth    ++++......             (no amulet)
HPRegen  0.06/turn              (no ring)
MPRegen  0.09/turn              (no ring)

@: slow
A: very small, no armour, no weapons or thrown items, stealth, claws 1, fangs 3,
see invisible, carnivore, speed 1, shaggy fur 1, slow metabolism 1, sharp paws
a: Bend Time, Renounce Religion


You were on level 3 of the Dungeon.
You worshipped Cheibriados.
Cheibriados was noncommittal.
You were not hungry.

You visited 1 branch of the dungeon, and saw 3 of its levels.

You collected 122 gold pieces.

Inventory:

Jewellery
 h - an uncursed amulet of rage
Scrolls
 a - 2 scrolls of immolation
 c - 3 scrolls of teleportation
Potions
 b - a potion of heal wounds
 e - a potion of agility {unknown}
 f - a potion of mutation {unknown}
 g - 2 potions of curing {unknown}
 i - a potion of ambrosia {unknown}
Comestibles
 d - 5 rations


   Skills:
 + Level 2.1 Fighting
 + Level 4.8 Dodging
 + Level 6.2 Stealth
 + Level 4.1 Unarmed Combat
 + Level 0.2 Evocations


You had 3 spell levels left.
You didn't know any spells.
Your spell library was empty.

Dungeon Overview and Level Annotations

Branches:
Dungeon (3/15)

Altars:
Cheibriados


Innate Abilities, Weirdness & Mutations

You cannot wear armour.
You are incapable of wielding weapons or throwing items.
Your paws allow you to move quietly. (Stealth)
You have sharp claws.
You have razor-sharp teeth.
You have supernaturally acute eyesight. (SInv)
You are carnivorous and can eat meat at any time.
You cover ground quickly.
You are covered in fur. (AC +1)
You have a slow metabolism.
Your sharp claws are effective at attacking unaware monsters.


Message History

a jackal corpse x2; a jackal skeleton You see here a mace.
There is a snail-covered altar of Cheibriados here.
The gnoll shouts!
You scratch the gnoll. You bite the gnoll.
The gnoll is moderately wounded.
The gnoll hits you with a +0 flail!
You barely miss the gnoll.
The gnoll is moderately wounded.
The gnoll closely misses you.
You scratch the gnoll.
The gnoll is severely wounded.
The gnoll closely misses you.
You scratch the gnoll but do no damage.
The gnoll is severely wounded.
You scratch the gnoll but do no damage. You bite the gnoll, but do no damage.
The gnoll is severely wounded.
The gnoll hits you with a +0 flail!
Ouch! That really hurt!
You die...

...........# g#≈≈....#
#.###
≈≈≈≈≈≈≈≈≈≈≈#####≈≈....###.#
≈≈≈≈≈≈≈≈≈≈≈≈≈≈≈≈≈≈....#.#.#
≈≈≈≈≈≈≈≈≈≈≈≈≈≈≈≈≈≈....#...#
................P.....#.###
.........)..............#
.###..#########.........#
.###.## ###........_.#
.....# ####...g@.......#
#.#######....)..........#
..####.......##.........#
....#..##.#####.........#
..#.#.##..# ##.......##
.......#.### ##.....##
....#......# ####### ####
..#..#...#.# ##...
..##.##..#.### ##....


You could see a gnoll.

Vanquished Creatures
  A gnoll shaman (D:3)
  An orc wizard (D:3)
  3 gnolls (D:3)
  An adder (D:2)
  An ooze (D:1)
  A worm (D:2)
  3 dart slugs (D:1)
  2 leopard geckos
  4 orcs (D:3)
  A ball python (D:3)
  2 giant cockroaches (D:1)
  7 goblins
  9 hobgoblins
  20 jackals
  2 quokkas (D:2)
  5 bats
  6 frilled lizards
  7 kobolds
  8 rats
84 creatures vanquished.

Notes
Turn   | Place    | Note
-------+----------+-------------------------------------------
     0 | D:1      | Matteus the Felid Wanderer began the quest for the Orb.
     0 | D:1      | Matteus set off with the following items: a scroll of fear,
                  | a potion of heal wounds, 2 scrolls of teleportation, a
                  | ration
     0 | D:1      | Reached XP level 1. HP: 9/9 MP: 2/2
   303 | D:1      | Reached XP level 2. HP: 13/13 MP: 3/3
   840 | D:1      | Reached XP level 3. HP: 16/16 MP: 4/4
   946 | D:1      | Reached skill level 5 in Stealth
  1539 | D:2      | Reached XP level 4. HP: 19/19 MP: 5/5
  1843 | D:3      | Reached XP level 5. HP: 20/22 MP: 6/6
  2027 | D:3      | Found a snail-covered altar of Cheibriados.
  2039 | D:3      | Became a worshipper of Cheibriados the Contemplative
  2292 | D:3      | Reached skill level 6 in Stealth
  2317 | D:3      | Mangled by a gnoll
  2318 | D:3      | Reached XP level 4. HP: -6/19 MP: 5/5
  2385 | D:3      | Slain by a gnoll

Skill      XL: |  1  2  3  4  5 |
---------------+----------------+-----
Stealth        | 5 6 |  6.2
Unarmed Combat | 3 4 |  4.1
Fighting       | |  2.1
Dodging        | |  4.8
Evocations     | |  0.2

Action                   |  1- 3 |  4- 6 || total
-------------------------+-------+-------++-------
Melee: Unarmed           |   104 |    98 ||   202
       Bite              |     7 |     9 ||    16
       Punch             |       |     2 ||     2
Invok: Bend Time         |       |     1 ||     1
 Abil: Evoke Berserk Rag |       |     1 ||     1
  Use: Scroll            |     4 |     3 ||     7
 Stab: Sleeping          |    14 |     5 ||    19
       Distracted        |     2 |     1 ||     3
  Eat: Chunk             |       |     2 ||     2
Armor: Skin              |     1 |     2 ||     3
Dodge: Dodged            |    70 |    68 ||   138
